 Dungeon Crawl Stone Soup version 0.20.1-1-g8b1a95d (webtiles) character file.

672 renl the Grappler (level 7, 0/58 HPs)
             Began as a Ghoul Gladiator on July 10, 2017.
             Was an Initiate of Makhleb.
             Slain by an ogre
             ... wielding a cursed -1 giant spiked club
              (3 damage)
             ... on level 4 of the Dungeon.
             The game lasted 00:15:34 (2691 turns).

renl the Grappler (Ghoul Gladiator)                 Turns: 2691, Time: 00:15:35

Health: 0/58       AC:  8    Str: 16    XL:     7   Next: 59%
Magic:  6/6        EV: 12    Int:  3    God:    Makhleb [......]
Gold:   126        SH:  0    Dex: 12    Spells: 6/6 levels left

rFire    + . .     SeeInvis .     - Unarmed
rCold    + . .     Gourm    .   (no shield)
rNeg     + + +     Faith    .   i - +2 leather armour {rPois}
rPois    ∞         Spirit   .   b - +1 helmet
rElec    .         Reflect  .   p - +0 cloak
rCorr    .         Harm     .   (no gloves)
MR       .....                  (no boots)
Stlth    +.........             (no amulet)
Regen    0.0/turn               f - -2 ring of strength (curse)
MPRegen  0.1/turn               q - ring of protection from fire

@: rotting
A: rotting body, claws 1, carnivore 3, cold resistance 1, negative energy
resistance 3, inhibited regeneration, torment resistance, unbreathing
a: Renounce Religion


You were on level 4 of the Dungeon.
You worshipped Makhleb.
Makhleb was noncommittal.
You were not hungry.

You visited 1 branch of the dungeon, and saw 5 of its levels.

You collected 126 gold pieces.

Inventory:

Missiles
 c - 3 throwing nets (quivered)
Armour
 b - a +1 helmet (worn)
 i - a +2 leather armour of poison resistance (worn)
 p - a +0 cloak (worn)
Jewellery
 e - an uncursed ring of protection from magic
 f - a cursed -2 ring of strength (left claw)
 q - a ring of protection from fire (right claw)
Scrolls
 m - a scroll of enchant armour
Potions
 a - a potion of degeneration
 g - 2 potions of flight
 j - 2 potions of might
 k - a potion of agility {unknown}
 l - a potion of heal wounds {unknown}
 n - 2 potions of ambrosia
 o - 2 potions of brilliance
Comestibles
 d - a meat ration


   Skills:
 * Level 3.8 Fighting
 - Level 1.7 Throwing
 - Level 2.6 Dodging
 * Level 8.8 Unarmed Combat


You had 6 spell levels left.
You didn't know any spells.

Dungeon Overview and Level Annotations

Branches:
Dungeon (5/15)             Temple (0/1) D:4

Altars:
Makhleb


Innate Abilities, Weirdness & Mutations

Your body is rotting away.
You thrive on raw meat.
You are immune to poison.
You have sharp fingernails.
You are carnivorous and can eat meat at any time.
Your flesh is cold resistant. (rC+)
You are immune to negative energy. (rN+++)
You do not regenerate when monsters are visible.
You are immune to unholy pain and torment.
You can survive without breathing.


Message History

You closely miss the ogre.
The ogre is heavily wounded.
The ogre closely misses you.
The quokka bites you but does no damage.
You claw the ogre!
The ogre is almost dead.
The quokka barely misses you.
Your leather armour prevents you from hitting the ogre.
The ogre is almost dead.
The ogre hits you with a giant spiked club!
* * * LOW HITPOINT WARNING * * *
The quokka bites you.
* * * LOW HITPOINT WARNING * * *
You scratch the ogre but do no damage.
The ogre is almost dead.
The quokka closely misses you.
You closely miss the ogre.
The ogre is almost dead.
The ogre hits you with a giant spiked club.
You die...

###.......#.##..## #....##...
##...8.8.8.####..# #######...
#.....⌠.⌠........######....##.<#
###...8.>.8.......##..##....##..#
.##....⌠.⌠.......................
.##...8.8.8...##..##..##....##...
.##.<.........##..##..##....##...
.##.............O......†....##...
.##.............@...........##...
....?..........r......##....##...
......................##....##...
.##..###+###..##..##(........'...
.##..###.###..##..##......)..#...
.+..(.....'...#.............###'#
.#........#...#...##..##....##..#
.##..##..##...##..##..##.....#...
.##..##..##...##..##..##....##...


You could see an ogre and a quokka.

Vanquished Creatures
  Grinder (D:4)
  Menkaure (D:4)
  An ogre (D:4)
  A scorpion (D:4)
  A jelly (D:3)
  An iguana (D:4)
  6 adders
  3 oozes
  3 worms
  A dart slug (D:4)
  2 leopard geckos
  4 orcs (D:3)
  2 ball pythons (D:4)
  4 giant cockroaches
  7 goblins
  7 hobgoblins
  10 jackals
  A quokka (D:4)
  9 bats
  3 frilled lizards
  8 kobolds
  6 rats
82 creatures vanquished.

Notes
Turn   | Place    | Note
-------+----------+-------------------------------------------
     0 | D:1      | renl the Ghoul Gladiator began the quest for the Orb.
     0 | D:1      | Reached XP level 1. HP: 17/17 MP: 0/0
   135 | D:1      | Reached XP level 2. HP: 18/24 MP: 1/1
   162 | D:1      | Reached skill level 4 in Unarmed Combat
   561 | D:1      | Reached XP level 3. HP: 24/30 MP: 2/2
   811 | D:2      | Reached XP level 4. HP: 37/38 MP: 3/3
  1109 | D:3      | Reached skill level 5 in Unarmed Combat
  1584 | D:3      | Found a burning altar of Makhleb.
  1584 | D:3      | Noticed a balrug
  1618 | D:3      | Reached XP level 5. HP: 40/45 MP: 4/4
  1898 | D:3      | Noticed a hellwing
  1898 | D:3      | Noticed an orange demon
  1900 | D:3      | Became a worshipper of Makhleb the Destroyer
  1966 | D:4      | Found a staircase to the Ecumenical Temple.
  2192 | D:4      | Noticed Grinder
  2194 | D:4      | Paralysed by Grinder for 2 turns
  2201 | D:4      | Reached skill level 6 in Unarmed Combat
  2216 | D:4      | Paralysed by Grinder for 7 turns
  2227 | D:4      | Killed Grinder
  2227 | D:4      | Reached skill level 7 in Unarmed Combat
  2227 | D:4      | Reached XP level 6. HP: 35/51 MP: 5/5
  2275 | D:4      | Noticed Menkaure
  2283 | D:4      | Killed Menkaure
  2283 | D:4      | Reached skill level 8 in Unarmed Combat
  2283 | D:4      | Reached XP level 7. HP: 40/58 MP: 6/6
  2652 | D:5      | Entered Level 5 of the Dungeon
  2691 | D:4      | Slain by an ogre

Skill      XL: |  1  2  3  4  5  6 |
---------------+-------------------+-----
Unarmed Combat | 4 5 7 8 |  8.8
Fighting       | 3 |  3.8
Throwing       | |  1.7
Dodging        | |  2.6

Action                   |  1- 3 |  4- 6 |  7- 9 || total
-------------------------+-------+-------+-------++-------
Melee: Unarmed           |   114 |   103 |    44 ||   261
       Punch             |     1 |     1 |     2 ||     4
  Use: Scroll            |     3 |     7 |       ||    10
  Eat: Chunk             |    15 |    10 |     3 ||    28
Armor: Leather armour    |    34 |    29 |    12 ||    75
Dodge: Dodged            |    79 |    62 |    34 ||   175
